AoeStats
← FeelsBatman69

MegaRandom

505998915Analyzed
3v3 RM · 21d ago on Sep 12, 2026· 39m 52s· 6 players
Game mode
Random Map
Map size
Normal (6 player)
Population
200
Speed
Normal
Resources
Standard
Victory
Conquest
Starting age
Dark Age
Ending age
Imperial Age
RankedLock teamsTeams togetherTeam positionsShared explorationLock speedFull tech treeHidden civsTurbo modeCheats
Victory
Defeat
🇺🇸 Persians · United States
664
+6
🇺🇸 Franks · United States
578
+9
🇺🇸 Khmer · United States
457
+13
🇪🇸 Turks · Spain
496
-12
🇲🇽 Khitans · Mexico
398
-9
🇨🇳 Hindustanis · China
322
-7
ManeiroXXi
0:29 Loom
14:57 Feudal Age
15:50 Stone Mining
15:51 Gold Mining
15:50 Double-Bit Axe
15:50 Horse Collar
16:49 Wheelbarrow
22:01 Fletching
24:10 Bloodlines
26:55 Forging
26:51 Scale Barding Armor
26:47 Padded Archer Armor
26:47 Scale Mail Armor
27:12 Town Watch
27:17 Arson
26:53 Man-at-Arms
31:47 Castle Age
33:07 Bodkin Arrow
33:54 Fervor
34:16 Bow Saw
35:04 Iron Casting
34:46 Leather Archer Armor
34:46 Chain Mail Armor
34:52 Chain Barding Armor
35:49 Devotion
36:10 Sanctity
36:09 Heavy Plow
36:49 Gold Shaft Mining
37:40 Guard Tower
37:46 Murder Holes
38:03 Masonry
37:35 Treadmill Crane
38:39 Town Patrol
39:08 Caravan
全力释放
1:34 Loom
10:26 Feudal Age
15:10 Wheelbarrow
14:24 Town Watch
17:46 Castle Age
16:51 Town Watch
21:24 Double-Bit Axe
21:22 Horse Collar
26:12 Bow Saw
26:28 Fervor
26:39 Sanctity
27:13 Forging
28:42 Gold Mining
28:43 Stone Mining
28:58 Heavy Plow
30:49 Iron Casting
30:20 Scale Barding Armor
30:21 Husbandry
30:32 Bloodlines
30:46 Fletching
30:57 Padded Archer Armor
32:03 Hand Cart
32:46 Gold Shaft Mining
33:00 Caravan
34:31 Ballistics
34:40 Murder Holes
35:09 Chain Barding Armor
35:07 Leather Archer Armor
34:48 Bodkin Arrow
34:54 Arson
35:11 Squires
35:23 Grand Trunk Road
37:05 Coinage
36:57 Town Patrol
GDL ridiculebsxd
0:50 Loom
15:52 Feudal Age
16:24 Domestication
16:33 Double-Bit Axe
20:36 Gold Mining
20:37 Stone Mining
24:38 Castle Age
23:28 Wheelbarrow
23:31 Man-at-Arms
24:58 Light Cavalry
25:38 Husbandry
EL Loodo
14:07 Feudal Age
17:03 Double-Bit Axe
18:04 Gold Mining
22:39 Castle Age
21:58 Scale Barding Armor
24:44 Bow Saw
26:38 Chain Barding Armor
26:30 Forging
31:49 Wheelbarrow
34:16 Iron Casting
34:41 Husbandry
35:04 #83
35:44 Hand Cart
41:37 Imperial Age
Kenshin Brown
10:20 Feudal Age
11:08 Double-Bit Axe
12:34 Horse Collar
19:57 Castle Age
19:11 Forging
19:59 Light Cavalry
21:31 Fletching
22:21 Iron Casting
25:53 Crossbowman
29:42 Kamandaran
33:12 Bloodlines
34:18 Wheelbarrow
FeelsBatman69
17:12 Feudal Age
18:32 Wheelbarrow
19:58 Castle Age
20:15 Castle Age
22:38 Hand Cart
23:17 Scale Barding Armor
23:23 Forging
25:32 Chain Barding Armor
25:47 Iron Casting
25:20 Husbandry
25:33 Bloodlines
34:18 Imperial Age
32:40 Caravan
35:57 Elite Ballista Elephant
36:37 Tusk Swords
37:55 Plate Barding Armor
39:43 Blast Furnace
39:48 Double Crossbow
Connection lost

Rejoining the realm…

Still unreachable

The connection could not be restored.

Session expired

The server has moved on; the page needs a fresh start.